[Event "Team 45 45 League T32"]
[Site "Internet Chess Club"]
[Date "2007.01.21"]
[Round "1"]
[White "jonesey"]
[Black "jayes"]
[Result "1-0"]
[WhiteElo "2018"]
[BlackElo "1971"]
[ECO "B05"]
[TimeControl "2700+45"]

1. e4 Nf6 2. e5 Nd5 3. d4 d6 4. Nf3 Bg4 5. Be2 e6 6. Ng5 Bxe2 7. Qxe2 Nc6 8. c3
h6 9. Qh5 Qd7 10. f4 hxg5 11. Qxh8 gxf4 12. exd6 cxd6 13. O-O O-O-O 14. Bxf4
Nxf4 15. Rxf4 e5 16. Rf1 e4 17. d5 Ne5 18. Nd2 f5 19. Nxe4 Be7 20. Qxg7 fxe4 21.
Rae1 Bh4 22. Qxd7+ Rxd7 23. Rxe4 Bd8 24. Rf8 Rg7 25. c4 Kd7 26. h4 Ng4 27. g3
Bxh4 28. Rff4 Ne5 29. Rxh4 Rxg3+ 30. Kf2 Rg7 31. Rh3 Rf7+ 32. Ke2 Rg7 33. Rh2
Re7 34. Kd1 Rf7 35. Reh4 Rf1+ 36. Kc2 Kc7 37. Re2 Nf3 38. Rh7+ Kb6 39. Kc3 Ng5
40. Rd7 Rf3+ 41. Kd4 Rf4+ 42. Kd3 Nf7 43. b3 Ne5+ 44. Rxe5 dxe5 45. Re7 Rf2 46.
Rxe5 Rxa2 47. Re2 Ra1 48. b4 Rd1+ 49. Rd2 Rb1 50. Kc2 Rxb4 51. Kc3 Kc5 52. d6
Rxc4+ 53. Kb3 Rb4+ 54. Ka3 Kc4 55. d7 b5 56. Rd4+ {Black resigns} 1-0

[Event "Team 45 45 League T32"]
[Site "Internet Chess Club"]
[Date "2007.01.20"]
[Round "1"]
[White "Boromir"]
[Black "MiroslavR"]
[Result "1/2-1/2"]
[WhiteElo "1958"]
[BlackElo "2036"]
[ECO "C17"]
[TimeControl "2700+45"]

1. e4 e6 2. d4 d5 3. Nc3 Bb4 4. e5 c5 5. Bd2 Nc6 6. Nb5 Bxd2+ 7. Qxd2 Nxd4 8.
Nxd4 cxd4 9. Qxd4 Qa5+ 10. c3 Ne7 11. b4 Qa3 12. Qd2 Bd7 13. Qc1 Qa4 14. Bd3 Bb5
15. Qd2 Bxd3 16. Qxd3 Ng6 17. Nf3 Rc8 18. O-O a6 {Game drawn by mutual
agreement} 1/2-1/2

[Event "Team 45 45 League T32"]
[Site "Internet Chess Club"]
[Date "2007.01.20"]
[Round "1"]
[White "SpikeyJ"]
[Black "TheDude"]
[Result "0-1"]
[WhiteElo "2024"]
[BlackElo "1833"]
[ECO "A36"]
[TimeControl "2700+45"]

1. c4 g6 2. g3 Bg7 3. Bg2 c5 4. Nc3 Nc6 5. a3 Nf6 6. Rb1 Rb8 7. b4 cxb4 8. axb4
b6 9. e4 Bb7 10. Nge2 O-O 11. O-O e5 12. d3 h6 13. h3 d6 14. Be3 Nd7 15. Qd2 Kh7
16. f4 f5 17. Kh2 Ne7 18. d4 Nf6 19. dxe5 dxe5 20. Qxd8 Rfxd8 21. fxe5 Nxe4 22.
Nxe4 Bxe4 23. Bxe4 fxe4 24. Rf7 Nc6 25. e6 Rd3 26. Bc1 Rf3 27. Nf4 Kg8 28. b5
Nd4 29. Rxa7 e3 30. Ra4 e2 31. Bd2 Rf1 32. Be1 Nf3+ 33. Kg2 Nxe1+ 34. Rxe1 Rxe1
35. Kf2 Rb1 36. Kxe2 Re8 37. Ra6 g5 {White resigns} 0-1

[Event "Team 45 45 League T32"]
[Site "Internet Chess Club"]
[Date "2007.01.23"]
[Round "1"]
[White "searchforbobby1"]
[Black "NotSoGreat"]
[Result "0-1"]
[WhiteElo "2162"]
[BlackElo "2356"]
[ECO "B22"]
[TimeControl "2700+45"]

1. e4 c5 2. c3 Nf6 3. e5 Nd5 4. d4 cxd4 5. cxd4 d6 6. Nf3 Nc6 7. Bc4 Nb6 8. Bb5
dxe5 9. Nxe5 Bd7 10. Bxc6 Bxc6 11. Nxc6 bxc6 12. O-O g6 13. Re1 Bg7 14. Bg5 O-O
15. Bxe7 Qxd4 16. Qxd4 Bxd4 17. Nd2 Rfb8 18. Rac1 Nd5 19. Nf3 Bxb2 20. Rxc6 Nxe7
21. Rxe7 Ba3 22. Re2 Rb1+ 23. Re1 Rb2 24. g3 a5 25. Ra1 Re8 26. Nd4 Bf8 27. a3
Bg7 28. Rc4 Rd2 29. Nb3 Rd3 30. Nc5 Rc8 31. Nxd3 Rxc4 32. Ra2 Rc3 33. Nf4 a4 34.
Nd5 Rb3 35. Nb4 Bb2 36. Nc2 f5 37. Kf1 Kf7 38. Ke2 Ke6 39. Ne3 Bd4 40. Nc4 Rc3
41. Nd2 Kd5 42. Nf3 Bc5 43. Rd2+ Kc4 44. Rb2 Rxa3 45. Nd2+ Kd5 46. Rb5 Ra2 47.
f3 Kc6 48. Rb8 Bd6 49. Rb1 Kd5 50. Rb5+ Kd4 51. Rb1 Kc3 52. Rc1+ Rc2 53. Rxc2+
Kxc2 54. Nc4 Bc5 55. g4 f4 {White resigns} 0-1

[Event "Team 45 45 League T32"]
[Site "Internet Chess Club"]
[Date "2007.01.20"]
[Round "1"]
[White "KingWhacker"]
[Black "Burning-Bush"]
[Result "0-1"]
[WhiteElo "1907"]
[BlackElo "2117"]
[ECO "B07"]
[TimeControl "2700+45"]

1. e4 d6 2. d4 Nf6 3. Nc3 g6 4. Bg5 Bg7 5. f4 h6 6. Bh4 c5 7. d5 Qa5 8. Qd2 Qb4
9. O-O-O Nxe4 10. Qe3 Bxc3 11. Bb5+ Nd7 12. Rd3 Qxb2+ 13. Kd1 f5 14. g4 Bd4 15.
Qf3 Qxb5 16. gxf5 Qb1+ 17. Ke2 Qxc2+ 18. Kf1 Ndf6 19. Ne2 Bxf5 20. Nxd4 cxd4 21.
Rxd4 Nd2+ 22. Rxd2 Qxd2 23. Bf2 Bd3+ 24. Kg1 Be4 25. Qg3 Rc8 26. Kf1 Rc1+ 27.
Be1 Rxe1+ 28. Qxe1 Qg2# {White checkmated} 0-1

[Event "Team 45 45 League T32"]
[Site "Internet Chess Club"]
[Date "2007.01.18"]
[Round "1"]
[White "MikeMike"]
[Black "The-Rookie"]
[Result "0-1"]
[WhiteElo "2020"]
[BlackElo "1903"]
[ECO "B90"]
[TimeControl "2700+45"]

1. e4 c5 2. Nf3 d6 3. d4 cxd4 4. Nxd4 Nf6 5. Nc3 a6 6. Rg1 e5 7. Nb3 b5 8. g4
Bb7 9. f3 d5 10. g5 b4 11. gxf6 bxc3 12. fxg7 Qh4+ 13. Ke2 Bxg7 14. Rxg7 dxe4
15. f4 exf4 16. Qd6 Qxh2+ 17. Ke1 Qh4+ 18. Kd1 e3 19. Qe5+ Kf8 20. Rxf7+ Kxf7
21. Bc4+ Kg6 22. Bd3+ Kh6 23. Qd6+ Kh5 24. Be2+ f3 25. Qe5+ Qg5 26. Qh2+ Kg6 27.
Qd6+ Kg7 28. Qc7+ Kf8 29. Qd6+ Ke8 30. Qe6+ Qe7 31. Qxe7+ Kxe7 32. Bd3 e2+ 33.
Ke1 Rg8 34. Be3 h5 35. Bf2 Rg2 36. bxc3 Nd7 37. Nd4 Rag8 38. Bh4+ Ke8 39. Kd2
Rg1 40. Rxg1 Rxg1 41. Nf5 Rd1+ 42. Ke3 e1=Q+ 43. Bxe1 Rxe1+ 44. Kf2 Re6 45. Ng7+
Kf7 46. Nxe6 Kxe6 47. Kg3 Ne5 48. Bf1 Kf5 49. c4 Ke4 50. Kh4 Ke3 51. Kxh5 Kf2
52. Bh3 Nxc4 53. Bf5 Ne3 54. Bd3 Kg1 55. Kg5 f2 56. Kf4 Nxc2 57. Ke5 Nb4 58. Bc4
Bc6 {White resigns} 0-1

[Event "Team 45 45 League T32"]
[Site "Internet Chess Club"]
[Date "2007.01.18"]
[Round "1"]
[White "TheObliterator"]
[Black "PublisherKing"]
[Result "0-1"]
[WhiteElo "1656"]
[BlackElo "1721"]
[ECO "B18"]
[TimeControl "2700+45"]

1. e4 c6 2. d4 d5 3. Nc3 dxe4 4. Nxe4 Bf5 5. Ng3 Bg6 6. Nf3 Nf6 7. Bd3 e6 8. O-O
Be7 9. c3 Bxd3 10. Qxd3 O-O 11. Be3 Nbd7 12. Ne4 Nxe4 13. Qxe4 Nf6 14. Qc2 Bd6
15. Bg5 Rc8 16. Rad1 h6 17. Bh4 Re8 18. Rfe1 Be7 19. Ne5 Nd5 20. Bxe7 Qxe7 21.
Re4 c5 22. Rg4 Nf6 23. Rg3 cxd4 24. Rxd4 Qc5 25. Nf3 Red8 26. Rh4 Nh5 27. Rgg4
Qd5 28. h3 Nf6 29. Ra4 Qd1+ 30. Qxd1 Rxd1+ 31. Kh2 a6 32. Rhd4 Rd8 33. Rxd8+
Rxd8 34. Rd4 Rxd4 35. Nxd4 Kf8 36. Kg3 Ke7 37. Kf4 Kd6 38. Ke3 Nd5+ 39. Kf3 b5
40. Ke4 b4 41. c4 Nf6+ 42. Kd3 g5 43. Nc2 a5 44. b3 g4 45. h4 h5 46. Kd4 Nd7 47.
Ne1 f5 48. Nd3 e5+ 49. Ke3 f4+ 50. Ke2 Nf8 51. g3 Ne6 52. Nb2 Nc5 53. Nd3 Ne4
54. gxf4 Nc3+ 55. Kd2 e4 56. Ne5 Nxa2 57. Kc2 Nc3 58. Kd2 a4 59. bxa4 Nxa4 60.
Kc2 Nc5 61. Kd2 b3 62. Kc3 Ke6 63. Nc6 Kf5 64. Nd4+ Kxf4 65. Nxb3 Nxb3 66. Kxb3
e3 67. fxe3+ Ke4 68. Kb4 g3 69. c5 g2 70. c6 g1=Q 71. Kb5 Qg8 {White resigns}
0-1

[Event "Team 45 45 League T32"]
[Site "Internet Chess Club"]
[Date "2007.01.19"]
[Round "1"]
[White "seldredg"]
[Black "klt713"]
[Result "1-0"]
[WhiteElo "1351"]
[BlackElo "1276"]
[ECO "A45"]
[TimeControl "2700+45"]

1. d4 Nf6 2. Bg5 d5 3. e3 Bf5 4. Bxf6 exf6 5. Nd2 Be7 6. Ne2 O-O 7. Ng3 Bg6 8.
f4 f5 9. Bd3 Qd7 10. h4 h6 11. Nh5 Qe6 12. Rh3 Re8 13. Qe2 c5 14. c3 c4 15. Bc2
Nd7 16. Kf2 Nf6 17. Nxf6+ Bxf6 18. Rg1 a6 19. h5 Bh7 20. g4 fxg4 21. Bxh7+ Kxh7
22. Rxg4 b5 23. Nf1 Ra7 24. Qc2+ Qe4 25. Qxe4+ Rxe4 26. Ng3 Re8 27. Nf5 Rg8 28.
Rhg3 Raa8 29. Nd6 Ra7 30. e4 dxe4 31. Nxe4 Raa8 32. Nxf6+ gxf6 33. f5 Rxg4 34.
Rxg4 Rg8 35. Kf3 Rxg4 36. Kxg4 Kg8 37. Kf4 Kf8 38. Ke4 Ke7 39. Kd5 Kd7 40. Kc5
Kc7 41. d5 Kd7 42. b3 cxb3 43. axb3 Kc7 44. c4 bxc4 45. bxc4 a5 46. Kb5 a4 47.
Kxa4 Kd6 48. Kb5 Ke5 49. Kc6 Kxf5 50. d6 Ke6 51. c5 f5 52. Kc7 f4 53. d7 f3 54.
d8=Q f2 55. Qe8+ Kf6 56. Qe2 {Black resigns} 1-0

[Event "Team 45 45 League T32"]
[Site "Internet Chess Club"]
[Date "2007.01.20"]
[Round "1"]
[White "Fogbound"]
[Black "BarryNL"]
[Result "0-1"]
[WhiteElo "1389"]
[BlackElo "1392"]
[ECO "D03"]
[TimeControl "2700+45"]

1. d4 d5 2. Nf3 Nf6 3. Bg5 Bf5 4. Nbd2 e6 5. e3 Be7 6. Be2 O-O 7. O-O Nbd7 8.
Nh4 Be4 9. f3 Bg6 10. Nxg6 hxg6 11. Bd3 c5 12. c3 cxd4 13. cxd4 Rc8 14. e4 e5
15. Qa4 a6 16. Kh1 Qb6 17. exd5 exd4 18. Ne4 Nc5 19. Qxd4 Ncd7 20. Qa4 Qxb2 21.
Rab1 Qe5 22. d6 Bxd6 23. f4 Qd5 24. Rfd1 b5 25. Qxa6 Nxe4 26. Bxe4 Qxe4 27. Qxd6
Nf6 28. Bxf6 gxf6 29. Re1 Qf5 30. Rf1 Rfd8 31. Qb4 Rc2 32. Rg1 Rdd2 33. Qe7 Qg4
34. Qe8+ Kg7 35. Qe4 Rxa2 36. Rbf1 Rab2 37. Qf3 Qxf3 38. Rxf3 b4 39. h4 b3 40.
h5 gxh5 41. Rg3+ Kh6 42. Rh3 f5 43. Rg3 f6 44. Rg8 Rbc2 45. Rh8+ Kg7 46. Rb8 b2
47. Rb7+ Kg6 48. Rb3 Rc1 49. Rxb2 Rxg1+ 50. Kxg1 Rxb2 51. Kh2 h4 52. Kh3 Kh5 53.
g4+ fxg4# {White checkmated} 0-1

[Event "Team 45 45 League T32"]
[Site "Internet Chess Club"]
[Date "2007.01.18"]
[Round "1"]
[White "gentle-spirit"]
[Black "ffplayer"]
[Result "0-1"]
[WhiteElo "1305"]
[BlackElo "1200"]
[ECO "D00"]
[TimeControl "2700+45"]

1. d4 d5 2. e3 Nf6 3. c4 e6 4. cxd5 exd5 5. a3 Bd6 6. h3 O-O 7. Nc3 Bf5 8. Nb5
Nc6 9. Nxd6 Qxd6 10. Bd3 Bxd3 11. Qxd3 Rfe8 12. Ne2 b6 13. O-O Ne7 14. Nc3 c6
15. Bd2 Ng6 16. Rfe1 Ne4 17. Nxe4 dxe4 18. Qc3 Rac8 19. Rac1 Qd5 20. Qc4 h6 21.
Qxd5 cxd5 22. Rxc8 Rxc8 23. Rc1 Rxc1+ 24. Bxc1 b5 25. Bd2 a6 26. f3 f5 27. fxe4
fxe4 28. Kf2 Kf7 29. g3 h5 30. Ba5 Ne7 31. h4 g6 32. g4 hxg4 33. Kg3 Nf5+ 34.
Kf4 g3 35. Be1 g2 36. Bf2 Nxh4 37. Kg3 Nf3 38. Kxg2 Kf6 39. Kg3 Kf5 40. Kg2 Kg4
41. Bg3 Nd2 42. Be1 Nc4 43. Bc3 Nxe3+ 44. Kf2 Nc4 45. Ke2 Kh3 46. Kf2 g5 47. b4
Nxa3 48. Bd2 g4 49. Bf4 Nc4 50. Bg3 e3+ 51. Ke2 Kxg3 {White resigns} 0-1

[Event "Team 45 45 League T32"]
[Site "Internet Chess Club"]
[Date "2007.01.20"]
[Round "1"]
[White "SeanT"]
[Black "A-Pedajas"]
[Result "1-0"]
[WhiteElo "1429"]
[BlackElo "1440"]
[ECO "B20"]
[TimeControl "2700+45"]

1. e4 c5 2. Bc4 e6 3. Nf3 Nc6 4. d3 d5 5. exd5 exd5 6. Bb5 Qc7 7. Qe2+ Be7 8.
Bg5 Bg4 9. Nbd2 Nf6 10. Bxf6 gxf6 11. O-O-O a6 12. Bxc6+ Qxc6 13. Rde1 Be6 14.
d4 c4 15. Nb1 Qb6 16. Nc3 Bb4 17. Nxd5 Qa5 18. Nxb4 Qxb4 19. d5 Qb6 20. dxe6
fxe6 21. Qxc4 Qxf2 22. Rxe6+ Kd7 23. Rd1+ {Black resigns} 1-0

[Event "Team 45 45 League T32"]
[Site "Internet Chess Club"]
[Date "2007.01.18"]
[Round "1"]
[White "Just-Jim"]
[Black "LittleBunny"]
[Result "1-0"]
[WhiteElo "1453"]
[BlackElo "1285"]
[ECO "C55"]
[TimeControl "2700+45"]

1. e4 e5 2. Nf3 Nc6 3. Bc4 Nf6 4. Nc3 Bc5 5. h3 O-O 6. d3 h6 7. Na4 Bd6 8. O-O
a6 9. Nc3 Bc5 10. Be3 d6 11. a3 a5 12. Qd2 Re8 13. Bxh6 gxh6 14. Qxh6 Qd7 15.
Qxf6 Kf8 16. Ng5 Re7 17. Qh8# {Black checkmated} 1-0

[Event "Team 45 45 League T32"]
[Site "Internet Chess Club"]
[Date "2007.01.19"]
[Round "1"]
[White "hotzoddy"]
[Black "dcuprill"]
[Result "1/2-1/2"]
[WhiteElo "1181"]
[BlackElo "1224"]
[ECO "C48"]
[TimeControl "2700+45"]

1. e4 e5 2. Nc3 Nf6 3. Nf3 Nc6 4. Bb5 a6 5. Bxc6 dxc6 6. Nxe5 Bd6 7. Nf3 Qe7 8.
d3 Bb4 9. e5 O-O 10. O-O Nd5 11. Bd2 Bxc3 12. Bxc3 Nxc3 13. bxc3 Bg4 14. d4 Qe6
15. Qd3 Bf5 16. Qd2 Bg4 17. Qe3 Bxf3 18. Qxf3 Qc4 19. Rfe1 Rae8 20. Re3 Qd5 21.
Qe2 Re6 22. Qd3 Rg6 23. Rg3 Rxg3 24. Qxg3 Qb5 25. Qd3 Qb2 26. Qd1 Qxc3 27. Rb1
b6 28. Rb3 Qc4 29. Qd3 Qd5 30. c3 b5 31. Qd1 Re8 32. f4 Qe4 33. Qd2 a5 34. Qc1
Re6 35. h3 Rg6 36. Qd2 a4 37. Rb2 Qf5 38. Qe3 a3 39. Rb3 Qc2 40. Qf2 Qc1+ 41.
Qf1 Qe3+ 42. Kh1 Qe4 43. Rxa3 Kf8 44. f5 Rh6 45. Ra8+ Ke7 46. Kh2 c5 47. Ra7 Kd8
48. Qxb5 Qf4+ 49. Kh1 Qc1+ 50. Kh2 Qf4+ 51. Kg1 Qe3+ 52. Kf1 Qc1+ 53. Kf2 Qf4+
54. Ke1 Qc1+ 55. Ke2 Qc2+ 56. Ke3 Qxc3+ 57. Ke4 Qxd4+ 58. Kf3 Qc3+ 59. Kf4 Qd4+
60. Kf3 Qc3+ 61. Kf2 Qd4+ 62. Kf3 Qc3+ {Game drawn by repetition} 1/2-1/2

[Event "Team 45 45 League T32"]
[Site "Internet Chess Club"]
[Date "2007.01.19"]
[Round "1"]
[White "peterts"]
[Black "wellfred"]
[Result "1-0"]
[WhiteElo "1037"]
[BlackElo "1164"]
[ECO "C60"]
[TimeControl "2700+45"]

1. e4 e5 2. Nf3 Nc6 3. Bb5 Bd6 4. O-O Nf6 5. d3 h6 6. Nc3 O-O 7. Ne2 a6 8. Ba4
Na7 9. c3 c6 10. Ng3 Bc5 11. Nf5 d6 12. Qd2 Bxf5 13. exf5 Qc8 14. Nh4 Qd8 15. b4
Bb6 16. c4 Nh7 17. Kh1 Qxh4 18. g3 Qg5 19. f4 Qxf5 20. Bc2 Rae8 21. d4 exd4 22.
Bxf5 Nc8 23. Qd3 g6 24. Be4 Ne7 25. c5 dxc5 26. bxc5 Bxc5 27. Bb2 Rd8 28. Qc4 b6
29. Qxa6 Nf6 30. Bd3 h5 31. Rfe1 Nfd5 32. Ba3 Ra8 33. Qb7 Bxa3 34. Rxe7 Bb2 35.
Rae1 Ne3 36. Qxc6 Rac8 37. Qxb6 Bc3 38. Bxg6 Nd5 39. Bxf7+ Rxf7 40. Qg6+ Kh8 41.
Rxf7 d3 42. Qh7# {Black checkmated} 1-0

[Event "Team 45 45 League T32"]
[Site "Internet Chess Club"]
[Date "2007.01.21"]
[Round "1"]
[White "AAWegerif"]
[Black "Budzo"]
[Result "1-0"]
[WhiteElo "1733"]
[BlackElo "1773"]
[ECO "C01"]
[TimeControl "2700+45"]

1. e4 e6 2. d4 d5 3. exd5 exd5 4. Nf3 Bg4 5. Be2 Bd6 6. Bg5 Ne7 7. Nbd2 O-O 8.
c4 dxc4 9. Bxc4 c6 10. O-O Qc7 11. h3 Bh5 12. Rc1 Nd7 13. Re1 Nb6 14. Bd3 Nbd5
15. Qc2 Bg6 16. Bxe7 Bxd3 17. Bxd6 Qxd6 18. Qxd3 Nb4 19. Qa3 a5 20. Nc4 Qg6 21.
Ne3 Nd3 22. Ne5 {Black resigns} 1-0

[Event "Team 45 45 League T32"]
[Site "Internet Chess Club"]
[Date "2007.01.18"]
[Round "1"]
[White "Kinglord"]
[Black "GolfSuper"]
[Result "1-0"]
[WhiteElo "1677"]
[BlackElo "1531"]
[ECO "B90"]
[TimeControl "2700+45"]

1. e4 c5 2. Nf3 d6 3. d4 cxd4 4. Nxd4 Nf6 5. Nc3 a6 6. Bd3 e6 7. f3 b5 8. Be3
Nbd7 9. Qd2 Bb7 10. O-O-O Rc8 11. g4 h6 12. g5 b4 13. Nce2 hxg5 14. Qxb4 Qc7 15.
Bxg5 e5 16. Nb3 d5 17. Qa5 dxe4 18. Qxc7 Rxc7 19. Bxf6 Nxf6 20. fxe4 Nxe4 21.
Rhf1 Rxh2 22. Na5 Nf2 23. Nxb7 Nxd3+ 24. Rxd3 Rxe2 25. Rb3 Rcxc2+ 26. Kb1 g6 27.
Rc1 Rxc1+ 28. Kxc1 f5 29. Kd1 Re4 30. Rb6 Rd4+ 31. Ke2 Kf7 32. Rxa6 Rb4 33. Nd8+
Ke8 34. Ne6 Rxb2+ 35. Kf3 e4+ 36. Kf4 Bh6+ 37. Ke5 Rd2 38. Kf6 e3 39. Ra7 e2 40.
Re7# {Black checkmated} 1-0

[Event "Team 45 45 League T32"]
[Site "Internet Chess Club"]
[Date "2007.01.19"]
[Round "1"]
[White "strudel"]
[Black "wfreeman"]
[Result "1-0"]
[WhiteElo "1541"]
[BlackElo "1532"]
[ECO "A40"]
[TimeControl "2700+45"]

1. d4 g6 2. e4 Bg7 3. Nf3 d6 4. c3 Nd7 5. Bd3 b6 6. Be3 c5 7. O-O Bb7 8. Nbd2
Qc7 9. Qc2 Rc8 10. Rfc1 Ngf6 11. h3 a6 12. a4 c4 13. Be2 d5 14. e5 Ne4 15. Ra3
Nxd2 16. Bxd2 Rb8 17. b3 Bc8 18. bxc4 dxc4 19. Bf4 e6 20. Nd2 b5 21. axb5 axb5
22. Rb1 O-O 23. Rb4 f6 24. Nf3 fxe5 25. Bxe5 Nxe5 26. dxe5 Bxe5 27. Nxe5 Qxe5
28. Ra1 Qc5 29. Bf3 Bb7 30. Bxb7 Rxb7 31. Rf1 Qg5 32. Qe4 Qf5 33. Qxb7 Qd3 34.
Qxb5 Qxc3 35. Qxc4 Qe5 36. Rb7 Re8 37. Qc7 Qxc7 38. Rxc7 e5 39. Rd1 h5 40. Rdd7
e4 41. Re7 Rxe7 42. Rxe7 {Black resigns} 1-0

[Event "Team 45 45 League T32"]
[Site "Internet Chess Club"]
[Date "2007.01.21"]
[Round "1"]
[White "Mutaant"]
[Black "PawnSensei"]
[Result "1-0"]
[WhiteElo "1469"]
[BlackElo "1324"]
[ECO "C77"]
[TimeControl "2700+45"]

1. e4 e5 2. Nf3 Nc6 3. Bb5 a6 4. Ba4 Nf6 5. d3 Be7 6. Bxc6 bxc6 7. Nxe5 d6 8.
Nxc6 Qd7 9. Nxe7 Qxe7 10. Bg5 Qe5 11. Bxf6 Qxf6 12. Nc3 c6 13. O-O Rb8 14. Rb1
Be6 15. f4 h5 16. h3 g5 17. Qd2 gxf4 18. Qxf4 Qe7 19. Qf6 Rg8 20. Qxe7+ Kxe7 21.
Kh2 h4 22. Rf4 Rh8 23. b3 Rbg8 24. Ne2 d5 25. Rbf1 dxe4 26. Rxe4 c5 27. Rff4 f5
28. Rxf5 Kd6 29. Rf6 {Black resigns} 1-0

[Event "Team 45 45 League T32"]
[Site "Internet Chess Club"]
[Date "2007.01.19"]
[Round "1"]
[White "Ernie1"]
[Black "fredd"]
[Result "0-1"]
[WhiteElo "1648"]
[BlackElo "1619"]
[ECO "A00"]
[TimeControl "2700+45"]

1. c3 e5 2. d4 exd4 3. cxd4 d5 4. Nf3 Nf6 5. Bg5 Be7 6. e3 Bf5 7. Bd3 Bxd3 8.
Qxd3 Nc6 9. a3 h6 10. Bxf6 Bxf6 11. Nc3 O-O 12. h4 Qd7 13. Ng5 g6 14. f4 Ne7 15.
h5 Qf5 16. e4 dxe4 17. Ncxe4 hxg5 18. Nxf6+ Qxf6 19. hxg6 Qe6+ 20. Kd2 Qxg6 21.
Qh3 Kg7 22. Rae1 Rh8 23. Qd7 Rxh1 24. Rxh1 gxf4 25. Re1 Qxg2+ 26. Re2 Qg6 27.
Rxe7 Rh8 28. Re2 f3 29. Rf2 Qg5+ 30. Kc2 Qg3 31. Rd2 Rh2 {White resigns} 0-1

[Event "Team 45 45 League T32"]
[Site "Internet Chess Club"]
[Date "2007.01.18"]
[Round "1"]
[White "jlowe"]
[Black "Warpdrive"]
[Result "1-0"]
[WhiteElo "1543"]
[BlackElo "1613"]
[ECO "B03"]
[TimeControl "2700+45"]

1. e4 Nf6 2. e5 Nd5 3. d4 d6 4. c4 Nb6 5. exd6 cxd6 6. Nc3 g6 7. Be3 Bg7 8. Rc1
O-O 9. b3 Nc6 10. Nf3 Bg4 11. h3 Bxf3 12. gxf3 f5 13. d5 f4 14. Bxb6 Qxb6 15.
dxc6 Qxc6 16. Qd5+ Qxd5 17. Nxd5 e6 18. Nc3 a6 19. Ne4 d5 20. cxd5 exd5 21. Nc3
Rac8 22. Ne2 Rxc1+ 23. Nxc1 Rc8 24. Nd3 Rc2 25. a4 Rc3 26. Nxf4 Rd3 {Black
resigns} 1-0

[Event "Team 45 45 League T32"]
[Site "Internet Chess Club"]
[Date "2007.01.21"]
[Round "1"]
[White "FiendAngelical"]
[Black "MathWorker"]
[Result "1/2-1/2"]
[WhiteElo "1634"]
[BlackElo "1503"]
[ECO "B01"]
[TimeControl "2700+45"]

1. e4 d5 2. exd5 Nf6 3. d4 Bg4 4. f3 Bf5 5. Bb5+ Bd7 6. Bc4 Bf5 7. Nc3 Nbd7 8.
Nge2 Nb6 9. Bb3 Nbxd5 10. Nxd5 Nxd5 11. c4 Nb6 12. Be3 e6 13. Qd2 Be7 14. O-O-O
O-O 15. g4 Bg6 16. Nf4 a5 17. a3 Qd7 18. Nxg6 fxg6 19. f4 Na4 20. d5 Nc5 21.
Bxc5 Bxc5 22. Rhe1 exd5 23. Qxd5+ Qxd5 24. Rxd5 Bd6 25. f5 gxf5 26. gxf5 Bf4+
27. Kb1 Kh8 28. h3 Rfd8 29. Red1 Rxd5 30. Rxd5 b6 31. c5 Rf8 32. cxb6 cxb6 33.
Rd4 Be3 34. Re4 Bc5 35. Be6 g6 36. Rf4 gxf5 37. Rxf5 Rxf5 38. Bxf5 Kg7 39. Kc2
h5 40. Kc3 Kf6 41. Bd7 Ke5 42. Kc4 h4 43. b4 axb4 44. axb4 Bf2 45. b5 Kd6 {Game
drawn by mutual agreement} 1/2-1/2

[Event "Team 45 45 League T32"]
[Site "Internet Chess Club"]
[Date "2007.01.19"]
[Round "1"]
[White "Zyme"]
[Black "Fineas-Fogg"]
[Result "0-1"]
[WhiteElo "1485"]
[BlackElo "1442"]
[ECO "A56"]
[TimeControl "2700+45"]

1. d4 Nf6 2. c4 c5 3. dxc5 Qa5+ 4. Nc3 Qxc5 5. b3 g6 6. Bb2 Qa5 7. Qc2 d6 8. f3
Bg7 9. e4 Nc6 10. Ne2 Nb4 11. Qd2 Nd7 12. a3 Nc6 13. b4 Nxb4 14. axb4 Qxb4 15.
Ra4 Qb6 16. Ba1 e6 17. Nb5 O-O 18. Bxg7 Kxg7 19. Qxd6 a6 20. Qxb6 Nxb6 21. Nc7
Nxa4 22. Nxa8 Bd7 23. Nc7 Rc8 24. Nxa6 bxa6 25. Nd4 Nc5 26. Be2 Ra8 27. O-O a5
28. Nb5 Bxb5 29. cxb5 a4 30. Ra1 a3 31. Bc4 Kf6 32. Kf2 Ke5 33. Ke3 Ra4 34. f4+
Kd6 35. e5+ Kc7 36. Kd4 Nb3+ 37. Kc3 Nxa1 38. Ba2 Kb6 39. Kd2 Kxb5 40. Kc1 Kb4
41. Kb1 Nb3 42. Kc2 Nd4+ 43. Kd3 Nb5 44. g3 Nc3 45. Bc4 a2 {White resigns} 0-1

[Event "Team 45 45 League T32"]
[Site "Internet Chess Club"]
[Date "2007.01.19"]
[Round "1"]
[White "guyd52"]
[Black "Millwright"]
[Result "0-1"]
[WhiteElo "1237"]
[BlackElo "1424"]
[ECO "A04"]
[TimeControl "2700+45"]

1. Nf3 f5 2. g3 Nf6 3. Bg2 g6 4. d3 Bg7 5. Nbd2 O-O 6. e3 d6 7. d4 Nc6 8. Ng5
Qe8 9. b3 h6 10. Ngf3 e5 11. O-O e4 12. Ne1 Nd5 13. Bb2 Bd7 14. a3 Rc8 15. Qe2
a6 16. c4 Nf6 17. h4 g5 18. Bh1 gxh4 19. gxh4 Qh5 20. Qxh5 Nxh5 21. Ng2 Kh7 22.
f3 Ng3 23. Rf2 Rce8 24. Kh2 Nh5 25. Rff1 b5 26. Rac1 f4 27. Nxf4 Nxf4 28. exf4
e3 29. Ne4 Rxf4 30. Rfe1 Nxd4 31. Bxd4 Bxd4 32. cxb5 Bxb5 33. Rxc7+ Kg8 34. Nxd6
Re6 35. Nxb5 axb5 36. Kh3 Bf6 37. Rg1+ Kh8 38. Rc8+ Kh7 39. Rc7+ Re7 40. Rxe7+
Bxe7 41. Rg4 Rxg4 42. Kxg4 e2 {White resigns} 0-1

[Event "Team 45 45 League T32"]
[Site "Internet Chess Club"]
[Date "2007.01.18"]
[Round "1"]
[White "schweppz"]
[Black "Traho"]
[Result "0-1"]
[WhiteElo "1371"]
[BlackElo "1473"]
[ECO "B10"]
[TimeControl "2700+45"]

1. e4 c6 2. c4 d5 3. d4 dxe4 4. Nc3 Bf5 5. Be3 Nf6 6. Be2 e6 7. f3 Be7 8. fxe4
Nxe4 9. Nxe4 Bxe4 10. Nf3 Nd7 11. O-O Nb6 12. Bf4 Bd6 13. Ne5 O-O 14. Nxf7 Rxf7
15. Bxd6 Rxf1+ 16. Qxf1 Qxd6 17. c5 Qxd4+ 18. Qf2 Qxf2+ 19. Kxf2 Nd5 20. Re1
Rf8+ 21. Kg3 Bf5 22. Kh4 Nf4 23. Bf3 Nd3 24. Re3 Nxc5 25. b4 Nd7 26. g4 Bc2 27.
Re2 Rxf3 {White resigns} 0-1

[Event "Team 45 45 League T32"]
[Site "Internet Chess Club"]
[Date "2007.01.21"]
[Round "1"]
[White "Conjurer"]
[Black "tmac63"]
[Result "1-0"]
[WhiteElo "1316"]
[BlackElo "1204"]
[ECO "A10"]
[TimeControl "2700+45"]

1. c4 f5 2. Nf3 e6 3. Nc3 Be7 4. g3 Nf6 5. Bg2 O-O 6. O-O b6 7. Ne5 c6 8. d4 d6
9. Nxc6 Nxc6 10. Bxc6 Rb8 11. d5 Bb7 12. b4 exd5 13. cxd5 Qc7 14. Qb3 h6 15. Bb2
Rbe8 16. Bxe8 Nxe8 17. Rac1 Qd7 18. f4 Bf6 19. e3 Qf7 20. Nb5 Be7 21. Rfd1 Nf6
22. Nc7 Ng4 23. Ne6 Qh5 24. Rd2 Rf7 25. Nxg7 Ba6 26. Nxh5 Bb5 27. Qc3 Kf8 28.
Qh8# {Black checkmated} 1-0

[Event "Team 45 45 League T32"]
[Site "Internet Chess Club"]
[Date "2007.01.21"]
[Round "1"]
[White "therookery"]
[Black "WilmaP"]
[Result "1-0"]
[WhiteElo "1216"]
[BlackElo "1190"]
[ECO "B42"]
[TimeControl "2700+45"]

1. e4 c5 2. Nf3 e6 3. d4 cxd4 4. Nxd4 a6 5. Bd3 Nf6 6. Bg5 d6 7. O-O Be7 8. Bxf6
Bxf6 9. c3 O-O 10. Re1 Qc7 11. Nd2 Nc6 12. N2f3 e5 13. Nxc6 Qxc6 14. Rc1 Bg4 15.
h3 Be6 16. c4 Qb6 17. Qc2 Rac8 18. b3 a5 19. a4 Qd8 20. Red1 Bg5 21. Nxg5 Qxg5
22. Qe2 Bxh3 23. Qf3 Bg4 24. Qe3 Qxe3 25. fxe3 Bxd1 26. Rxd1 Rc6 27. Rb1 Re8 28.
b4 axb4 29. Rxb4 b6 30. Kf2 Re6 31. a5 Rf6+ 32. Kg1 bxa5 33. Rb8+ {Black
resigns} 1-0

[Event "Team 45 45 League T32"]
[Site "Internet Chess Club"]
[Date "2007.01.19"]
[Round "1"]
[White "curtintime"]
[Black "ChessZak"]
[Result "0-1"]
[WhiteElo "1265"]
[BlackElo "1472"]
[ECO "B34"]
[TimeControl "2700+45"]

1. e4 c5 2. Nf3 Nc6 3. d4 cxd4 4. Nxd4 g6 5. Be3 Bg7 6. c3 Nf6 7. Nd2 O-O 8. Bd3
d5 9. N2f3 dxe4 10. Nxc6 bxc6 11. Bxe4 Qxd1+ 12. Rxd1 Nxe4 13. O-O Bg4 14. h3
Bxf3 15. gxf3 Nf6 16. Bc5 Rfe8 17. Rde1 e6 18. Kh2 Nd5 19. Rg1 Bf8 20. Bd4 a5
21. h4 a4 22. h5 Bg7 23. Bc5 Nf4 24. hxg6 hxg6 25. Ba3 Bf8 26. Kg3 Bxa3 27. bxa3
Nd5 28. c4 Nb6 29. Re4 Red8 30. Rh1 Ra5 31. Rg4 Rd3 32. Rgh4 Rf5 33. Rh8+ Kg7
34. R1h7+ Kf6 35. Rf8 Rfxf3+ 36. Kg2 Ke5 37. Rhxf7 Rxf7 38. Rxf7 Rxa3 39. Rc7
Nxc4 40. Rxc6 Nd6 41. Rc5+ Kd4 42. Rg5 Rxa2 43. Rxg6 Kd5 44. Kg3 a3 45. Rg8 Nf5+
46. Kg2 Ra1 47. Ra8 a2 48. Kf3 Nd6 49. Ke2 Nb5 50. Kd3 Rd1+ 51. Kc2 a1=Q 52.
Rxa1 Rxa1 53. f4 Ra2+ 54. Kd3 Rf2 55. Ke3 Rh2 56. Kf3 Rh5 57. Kg4 Rh8 58. Kf3
Nd4+ 59. Ke3 Nf5+ 60. Kf3 Ng7 61. Ke3 Nh5 62. Kf3 Nxf4 63. Kxf4 e5+ 64. Ke3 Rh3+
65. Kf2 Ke4 66. Ke2 Rh2+ 67. Kd1 Ke3 68. Kc1 Kd3 69. Kb1 Kc3 70. Ka1 Kb3 71. Kb1
Rh1# {White checkmated} 0-1